 Dungeon Crawl Stone Soup version 0.25-a0-87-ga3d287bc14 (webtiles) character file.

Game seed: 17655110672473550234, levelgen mode: deterministic

458 Gargoyl the Skirmisher (level 6, -2/52 HPs)
             Began as a Centaur Abyssal Knight on Nov 10, 2019.
             Was a Believer of Lugonu.
             Slain by an ice beast (6 damage)
             ... on level 7 of the Dungeon.
             The game lasted 00:04:28 (3467 turns).

Gargoyl the Skirmisher (Centaur Abyssal Knight)     Turns: 3467, Time: 00:04:29

Health: -2/52      AC:  9    Str: 15      XL:     6   Next: 77%
Magic:  8/8        EV:  9    Int: 10 (11) God:    Lugonu [**....]
Gold:   221        SH:  0    Dex: 10      Spells: 5/5 levels left

rFire    . . .     SeeInvis .   a - +1 hand axe
rCold    . . .     Gourm    .   (no shield)
rNeg     . . .     Faith    .   g - +0 ring mail
rPois    .         Spirit   .   (no helmet)
rElec    .         Reflect  .   m - +0 cloak
rCorr    .         Harm     .   k - +1 pair of gloves
MR       .....                  (no barding)
Stlth    ..........             f - amulet of regeneration
HPRegen  0.57/turn              (no ring)
MPRegen  0.11/turn              (no ring)

@: very quick
A: large, hooves 3, deformed body, deterioration 1, speed 2, tough skin 3
a: Depart the Abyss, Bend Space, Renounce Religion


You were on level 7 of the Dungeon.
You worshipped Lugonu.
Lugonu was pleased with you.
You were not hungry.

You visited 1 branch of the dungeon, and saw 5 of its levels.
You visited the Abyss 1 time.

You collected 221 gold pieces.

Inventory:

Hand Weapons
 a - a +1 hand axe (weapon)
Armour
 g - a +0 ring mail (worn)
 k - a +1 pair of gloves (worn)
 m - a +0 cloak (worn)
Jewellery
 f - an amulet of regeneration (around neck)
Scrolls
 b - 2 scrolls of blinking
 h - a scroll of identify
 i - a scroll of remove curse
Potions
 e - a potion of flight
 l - a potion of agility
Comestibles
 c - 9 rations
 j - 2 chunks of flesh


   Skills:
 + Level 3.9 Fighting
 + Level 3.5 Axes
 * Level 3.3 Armour
 * Level 2.0 Dodging
 * Level 3.4 Invocations


You had 5 spell levels left.
You didn't know any spells.
Your spell library was empty.

Dungeon Overview and Level Annotations

Branches:
Dungeon (4/15)             Temple (0/1) D:4

Altars:
Elyvilon
Kikubaaqudgha
Zin

Annotations:
D:3 1 runed translucent door, D1HalberdGnoll's ghost, amateur MfSk


Innate Abilities, Weirdness & Mutations

You have hooves in place of feet.
Armour fits poorly on your strangely shaped body.
You cover ground very quickly.
You have extremely tough skin. (AC +3)
Your body sometimes deteriorates upon taking damage.


Message History

You slash the ice beast!
The ice beast is almost dead.
The ice beast hits you. The ice beast freezes you!
You hit the ice beast but do no damage.
The ice beast is almost dead.
The ice beast hits you. The ice beast freezes you!
* * * LOW HITPOINT WARNING * * *
You barely miss the ice beast.
You kick the ice beast, but do no damage.
The ice beast is almost dead.
The ice beast hits you but does no damage.
Your ring mail prevents you from hitting the ice beast.
The ice beast is almost dead.
The ice beast barely misses you.
Unknown command.
It was a potion of magic.
Magic courses through your body. The ice beast hits you.
* * * LOW HITPOINT WARNING * * *
The ice beast freezes you.
You die...

#.......#
#####.###
#.# #.# #.#
# #.# #[###
#.#
###....###.#
.......Y@..#
######†#####
... #.## #.
#


You could see an ice beast.

Vanquished Creatures
  An eye of draining (D:4)
  A centaur (D:7)
  A scorpion (D:4)
  A bullfrog skeleton (D:4)
  A jelly (D:4)
  2 centaur skeletons (D:4)
  6 adders
  3 oozes
  A worm (D:3)
  2 dart slugs
  3 leopard geckos
  3 orcs (D:3)
  7 goblins
  2 hobgoblins
  2 jackals (D:3)
  4 quokkas
  5 ball pythons
  A ball python skeleton (D:4)
  6 bats
  5 frilled lizards
  3 kobolds
  7 rats
67 creatures vanquished.

Notes
Turn   | Place    | Note
-------+----------+-------------------------------------------
     0 | Abyss:1  | Gargoyl the Centaur Abyssal Knight began the quest for the
                  | Orb.
     0 | Abyss:1  | Reached XP level 1. HP: 19/19 MP: 2/2
    45 | Abyss:1  | Noticed a neqoxec
    77 | Abyss:1  | Gained mutation: Your body sometimes deteriorates upon
                  | taking damage. [a neqoxec]
    82 | D:1      | Escaped the Abyss
   297 | D:1      | Reached XP level 2. HP: 20/26 MP: 3/3
   561 | D:1      | Reached skill level 1 in Dodging
   617 | D:1      | Reached * piety under Lugonu
  1134 | D:2      | Reached XP level 3. HP: 25/31 MP: 4/4
  1459 | D:2      | Found a white marble altar of Elyvilon.
  1769 | D:2      | Reached XP level 4. HP: 38/38 MP: 5/5
  2311 | D:3      | Noticed D1HalberdGnoll's ghost (amateur MfSk)
  2328 | D:3      | Found a runed translucent door.
  2358 | D:3      | Reached ** piety under Lugonu
  2858 | D:4      | Reached XP level 5. HP: 42/45 MP: 7/7
  3168 | D:4      | Found an ancient bone altar of Kikubaaqudgha.
  3186 | D:4      | Noticed an eye of draining
  3195 | D:4      | Reached XP level 6. HP: 48/52 MP: 0/8
  3225 | D:4      | Found a staircase to the Ecumenical Temple.
  3249 | D:4      | Found a glowing silver altar of Zin.
  3354 | D:4      | You fall into a shaft and drop 3 floors!
  3452 | D:7      | Noticed an ice beast
  3467 | D:7      | Slain by an ice beast

Levels and vault maps discovered:
D:1:      giann_bridges, layout_loops_ring
D:2:      layout_basic, minmay_misc_feat_tiny, elyvilon_altar_5
D:3:      layout_basic, hellmonk_ghost_happy_afterlife, nrook_uturn
D:4:      layout_basic, kiku_gazebo_pond_becter, zin_scriptorium,
          kennysheep_mini, minmay_temple_entry_statues_fountains,
          grunt_gozag_breadcrumbs
D:7:      layout_basic, lemuel_mausoleum_altar_yredelemnul, basic_altar,
          serial_shops, shop_statue, grunt_ogre_cave, kennysheep_generic_room_3

Skill      XL: |  1  2  3  4  5  6 |
---------------+-------------------+-----
Dodging        | 1 2 |  2.0
Axes           | 2 3 |  3.5
Armour         | 2 3 |  3.3
Invocations    | 3 |  3.4
Fighting       | |  3.9

Action                   |  1- 3 |  4- 6 || total
-------------------------+-------+-------++-------
Melee: Hand axe          |   106 |   126 ||   232
       Kick              |    14 |    36 ||    50
Invok: Depart the Abyss  |     1 |       ||     1
  Use: Potion            |     1 |     5 ||     6
       Scroll            |     3 |     4 ||     7
  Eat: Chunk             |     2 |     4 ||     6
Armor: Leather armour    |    43 |       ||    43
       Ring mail         |     9 |    61 ||    70
Dodge: Dodged            |    45 |    66 ||   111

Table legend:
 A = Non-vault XP
 B = Vault XP
 C = Vault XP percentage of total XP
 D = Non-vault monster count
 E = Vault monster count
 F = Vault count percentage of total count
                 A         B        C        D         E       F
            +---------+---------+-------+---------+---------+-------
      Total |     655 |       0 |   0.0 |      67 |       0 |   0.0
            +---------+---------+-------+---------+---------+-------
        D:1 |      32 |       0 |   0.0 |      15 |       0 |   0.0
        D:2 |      73 |       0 |   0.0 |      23 |       0 |   0.0
        D:3 |      73 |       0 |   0.0 |      19 |       0 |   0.0
        D:4 |     352 |       0 |   0.0 |       8 |       0 |   0.0
        D:7 |     125 |       0 |   0.0 |       2 |       0 |   0.0
            +---------+---------+-------+---------+---------+-------
